 Dungeon Sprint DCSS version 0.30.1-11-g7821555f0a (webtiles) character file.

Game seed: 1439647238762591943

29 Heoruswealwe the Poker (level 3, -1/36 HPs)
             Began as a Minotaur Fighter on Nov 13, 2023.
             Slain by an ogre
             ... wielding a +0 giant club
              (10 damage)
             ... in the Dungeon (Sprint IX: "|||||||||||||||||||||||||||||").
             The game lasted 00:00:36 (43 turns).

Heoruswealwe the Poker (Minotaur Fighter)             Turns: 43, Time: 00:00:37

Health: -1/36      AC:  7    Str: 22    XL:     3   Next: 1%
Magic:  2/2        EV:  9    Int:  5    God:
Gold:   0          SH:  4    Dex:  9    Spells: 2/2 levels left

rFire   . . .        a - +0 trident
rCold   . . .        d - +0 buckler
rNeg    . . .        c - +0 scale mail
rPois   .            (helmet restricted)
rElec   .            (no cloak)
rCorr   .            (no gloves)
SInv    .            (no boots)
Will    .....        (no amulet) Stlth
                     (no ring)
HPRegen 0.26/turn    (no ring)
MPRegen 0.08/turn

%: no teleportation
@: no status effects
A: horns 2, retaliatory headbutt
a: no special abilities


You were in the Dungeon.
You visited 1 branch

Inventory:

Hand Weapons
 a - a +0 trident (weapon)
Armour
 c - a +0 scale mail (worn)
 d - a +0 buckler (worn)
Scrolls
 j - a scroll of blinking
Potions
 b - a potion of might
 g - a potion of haste
 i - a potion of berserk rage


   Skills:
 + Level 5.1 Fighting
 * Level 5.6 Polearms
 + Level 5.1 Armour
 - Level 3.6 Shields


You had 2 spell levels left.
You didn't know any spells.
Your spell library was empty.

Dungeon Overview and Level Annotations

Branches:
Dungeon (1/1)

Altars:


Innate Abilities, Weirdness & Mutations

You have a pair of horns on your head.
You reflexively headbutt those who attack you in melee.


Message History

You block the adder's attack.
Your Polearms skill increases to level 5!
You puncture the adder!
The adder is almost dead.
The adder bites you but does no damage.
You puncture the adder!
You kill the adder!
Your Fighting skill increases to level 5!
Your Armour skill increases to level 5!
You have reached level 3!
Your experience leads to an increase in your attributes!
Increase (S)trength, (I)ntelligence, or (D)exterity?
You feel stronger. x2
You barely miss the ogre.
The ogre hits you with a +0 giant club!!
Ouch! That really hurt!
You feel much better. The ogre barely misses you.
You puncture the ogre!
The ogre is moderately wounded.
The ogre hits you with a +0 giant club!
You hit the ogre. Your headbutt misses the ogre.
The ogre is heavily wounded.
You hit the ogre. Your headbutt misses the ogre.
The ogre is heavily wounded.
The ogre hits you with a +0 giant club!
* * * LOW HITPOINT WARNING * * *
You hit the ogre. You headbutt the ogre!
The ogre is almost dead.
The ogre closely misses you.
You hit the ogre but do no damage.
The ogre is almost dead.
You barely miss the ogre.
The ogre is almost dead.
You block the ogre's attack.
You hit the ogre but do no damage.
The ogre is almost dead.
The ogre hits you with a +0 giant club!
* * * LOW HITPOINT WARNING * * *
You feel better. The ogre hits you with a +0 giant club!
You die...

▓+▓
▓.▓
▓.▓
▓o▓
▓l▓
▓O▓
▓@▓
▓.▓
▓.▓
▓.▓
▓.▓
▓.▓
▓)▓
▓.▓
▓!▓


You could see an ogre, an iguana and an orc.

Vanquished Creatures
  A gnoll (D)
  An adder (D)
  2 dart slugs (D)
  An endoplasm (D)
  A giant cockroach (D)
  A hobgoblin (D)
7 creatures vanquished.

Notes
Turn   | Place    | Note
-------+----------+-------------------------------------------
     0 | D        | Heoruswealwe the Minotaur Fighter began the quest for the
                  | Orb.
     0 | D        | Reached XP level 1. HP: 19/19 MP: 0/0
    14 | D        | Reached XP level 2. HP: 24/28 MP: 1/1
    28 | D        | Noticed an ogre
    32 | D        | Reached skill level 5 in Polearms
    34 | D        | Reached skill level 5 in Fighting
    34 | D        | Reached skill level 5 in Armour
    34 | D        | Reached XP level 3. HP: 36/36 MP: 2/2
    42 | D        | HP: 1/36 [ogre/+0 giant club (7)]
    43 | D        | Slain by an ogre

Illustrated notes

Levels and vault maps discovered:
D:        linesprint [early_d, line_temple, items_1, d_10, items_2, lair_1,
          lair_end, items_3, orc_1, orc_end, items_4, d_15, swamp_1, shoals_1,
          snake_1, spider_1, d_20, vaults_1, items_5, swamp_end, shoals_end,
          snake_end, spider_end, vaults_end, d_27, items_6, zot_1, zot_end,
          crypt_end, forest_end, elf_end, slime_end, tomb_end, abyss_end,
          pan_hell_end]

Skill      XL: |  1  2 |
---------------+-------+-----
Polearms       | 4 5 |  5.6
Fighting       | 4 5 |  5.1
Armour         | 4 5 |  5.1
Shields        | |  3.6

Action                     || total
---------------------------++-------
  Melee: Trident           ||    24
         Headbutt          ||     2
    Use: Potion            ||     2
 Armour: Scale mail        ||     5
  Dodge: Dodged            ||     5
  Block: Buckler           ||     5
